 Dungeon Crawl Stone Soup version 0.19-a0-19-gf75ed07 (webtiles) character file.

133928 M4edhros the Prestidigitator (level 16, -2/180 HPs)
             Began as a Vampire Monk on Apr 30, 2016.
             Was a Priest of Cheibriados.
             Succumbed to a sea snake's poison
             ... on level 4 of the Shoals on May 1, 2016.
             The game lasted 03:35:16 (13622 turns).

M4edhros the Prestidigitator (Vampire Monk)        Turns: 13622, Time: 03:35:16

Health: -2/180     AC: 30    Str: 23    XL:     16   Next: 31%
Magic:  10/22      EV:  2    Int: 21    God:    Cheibriados [***...]
Gold:   565        SH: 23    Dex: 26    Spells: 3 memorised, 4 levels left

rFire  . . .     SeeInvis +       - Unarmed
rCold  . . .     Gourm    .     (armour currently unavailable)
rNeg   + + +     Faith    .     o - +0 large shield
rPois  +         Spirit   .     (helmet currently unavailable)
rElec  .         Dismiss  .     (cloak currently unavailable)
rCorr  .         Reflect  +     (gloves currently unavailable)
SustAt .         Harm     .     (boots currently unavailable)
MR     +....     Clarity  +     V - +6 amulet of reflection
Stlth  ++++...... NoTele   +    v - +2 ring of evasion (curse)
                                c - +2 ring of protection

@: lethally poisoned (-2 -> -87), tree-form, manticore barbs, regenerating
quickly, very slow, somewhat resistant to hostile enchantments, stealthy
A: (fangs 0), (hooves 0), (large bone plates 0), see invisible, clarity, low mp
1, wild magic 1, (unbreathing)
a: Bend Time, Temporal Distortion, Renounce Religion
}: 1/15 runes: barnacled


You were on level 4 of the Shoals.
You worshipped Cheibriados.
Cheibriados was most pleased with you.
You were very full.
You were a tree.
You visited 5 branches of the dungeon, and saw 32 of its levels.
You also visited: Ice Cave.

You collected 1557 gold pieces.
You spent 992 gold pieces at shops.

Inventory:

Missiles
 n - 5 poisoned tomahawks (quivered)
 z - 25 javelins
Armour
 o - a +0 large shield (worn)
 w - a +2 helmet (melded)
 y - the +2 leather armour of Levity (melded) {rElec Str+4}
   (You found it on level 4 of the Shoals)

   It affects your strength (+4).
   It insulates you from electricity.
 A - a troll hide
 E - a +0 pair of gloves of archery (melded)
 H - a +0 pair of boots (melded)
 L - a +3 scale mail of magic resistance
 P - the +0 ring mail of Vinaas {rF+ Regen+ Int+2}
   (You found it on level 8 of the Lair of Beasts)

   It affects your intelligence (+2).
   It protects you from fire.
   It increases your rate of regeneration.
 Q - a fire dragon hide
 U - an ice dragon hide
 X - a +1 cloak of magic resistance (melded)
Rods
 a - a +2 rod of inaccuracy (14/14)
   (You found it on level 10 of the Dungeon)
Jewellery
 c - a +2 ring of protection (left branch)
 e - an uncursed ring of protection from fire
 j - an uncursed ring of protection from fire
 v - a cursed +2 ring of evasion (right branch)
 B - an uncursed ring of resist corrosion
 V - a +6 amulet of reflection (around neck)
Wands
 b - a wand of teleportation (4/9)
 i - a wand of lightning (3/15)
 l - a wand of teleportation (2/9)
 q - a wand of confusion (0/48)
 r - a wand of digging (7/24)
 T - a wand of disintegration (0/24)
 W - a wand of flame (15/48)
 Y - a wand of iceblast (0/15)
Scrolls
 f - a scroll of vulnerability
 g - 7 scrolls of remove curse
 h - 3 scrolls of blinking
 m - a scroll of enchant armour
 s - a scroll of torment
 u - 6 scrolls of fog
 D - a scroll of amnesia
 K - 6 scrolls of teleportation
 R - 2 scrolls of fear
 Z - 4 scrolls of immolation
Potions
 d - a potion of brilliance
 k - 21 potions of blood
 p - a potion of cancellation
 t - a potion of agility
 x - a potion of flight
 G - a potion of invisibility
 I - a potion of magic
 M - a potion of ambrosia
 O - a potion of might
Miscellaneous
 F - a box of beasts {used: 8}
 S - a stone of tremors


   Skills:
 - Level 9.1 Fighting
 - Level 10.3 Dodging
 - Level 3.0 Stealth
 - Level 6.7 Shields
 - Level 12.6 Unarmed Combat
 - Level 5.0 Charms
 + Level 12.5 Transmutations
 + Level 11.6 Earth Magic
 - Level 8.6 Invocations
 - Level 12.7 Evocations


You had 4 spell levels left.
You knew the following spells:

 Your Spells              Type           Power        Failure   Level  Hunger
a - Ozocubu's Armour      Chrm/Ice       ##......     99%         3    ####...
b - Statue Form           Trmt/Erth      ######...    99%         6    #######
c - Cure Poison           Pois           #.........   100%        2    ###....


Dungeon Overview and Level Annotations

Branches:
Dungeon (15/15)            Temple (1/1) D:7            Lair (8/8) D:9
 Shoals (4/4) Lair:3        Snake (4/4) Lair:6        Slime (0/6) Lair:8
 Vaults (0/5) D:13         Depths (0/5) D:15
    Orc: D:9-12

Altars:
Ashenzari
Cheibriados
Dithmenos
Elyvilon
Fedhas
Gozag
Kikubaaqudgha
Ru
Sif Muna
Trog
Vehumet
Xom
Yredelemnul
Zin
The Shining One

Shops:
D:8 !*   D:13 :(=[

Portals:
Trove: D:10 (give 15 scrolls of teleportation)

Annotations:
D:4 Grinder, Pikel
D:7 1 runed door
D:8 Gastronok
D:10 Maud
D:12 1 runed door
D:13 exclusion: oklob plant
Snake:3 Wiglaf


Innate Abilities, Weirdness & Mutations

Your natural rate of healing is unusually fast.
((You have razor-sharp teeth.))
You have supernaturally acute eyesight.
((You can survive without breathing.))
((You have large cloven feet.))
((You are partially covered in large bone plates (AC +2, SH +2).))
You possess an exceptional clarity of mind.
Your magical capacity is low (-10% MP).
Your spells are a little harder to cast, but a little more powerful.


Message History

The +2 leather armour of Levity {rElec Str+4} melds into your body.
You feel less resistant to hostile enchantments.
Your aim is not that steady anymore.
Your roots penetrate the ground.
* * * LOW HITPOINT WARNING * * *
You feel very sick.
Unknown command.
Unknown command.
Unknown command.
Unknown command.
Unknown command.
Take off which item? (? for menu, Esc to quit)
Keep disrobing?
* * * LOW HITPOINT WARNING * * *
You feel very sick.
You start removing your armour.
You continue taking off your +0 large shield.
* * * LOW HITPOINT WARNING * * *
You feel very sick.
You continue taking off your +0 large shield.
You die...

*≈≈≈≈≈≈≈≈≈≈≈≈≈≈≈≈≈≈≈≈≈..# *,
*≈≈≈≈≈≈≈≈≈≈≈≈≈≈≈≈≈≈≈≈≈..# **,
*≈≈≈≈≈≈≈≈≈#####≈≈≈≈≈≈...#**,,
*≈≈≈≈≈≈≈≈##≈≈≈##≈≈≈≈≈...#*,,≈
*≈≈≈≈≈≈≈≈#≈≈≈≈.#≈≈≈≈≈...#,,≈≈
*≈≈≈≈≈≈≈≈#.†=..#..≈≈≈≈≈≈≈≈≈≈≈
*≈≈≈≈≈≈≈≈#.....#..≈≈≈≈≈≈≈≈≈≈≈
*≈≈≈≈≈≈≈≈*#...##≈≈≈≈≈≈≈≈≈≈≈≈≈
*≈≈≈≈≈≈≈≈≈##♣##≈≈≈≈≈≈≈≈≈≈≈≈≈≈
*≈≈≈≈≈≈≈≈≈≈≈≈≈≈≈≈≈≈≈≈≈≈≈≈≈≈≈≈
*≈≈≈≈≈≈≈≈≈≈≈≈≈≈≈≈≈≈≈≈≈≈≈≈≈≈≈≈
*≈≈≈≈≈≈≈≈≈≈≈≈≈≈≈≈≈≈≈≈≈≈≈≈≈≈≈≈
*≈≈≈≈≈≈≈≈≈≈≈≈≈≈≈≈≈≈≈≈≈≈≈≈≈≈≈≈
*≈≈≈≈≈≈≈≈≈≈≈≈≈≈≈≈≈≈≈≈≈≈≈≈≈≈≈≈
*****###################*****


There were no monsters in sight!

Vanquished Creatures
  3 greater nagas
  6 vault guards (D:13)
  2 merfolk impalers (Shoals:4)
  A merfolk javelineer (Shoals:4)
  A yaktaur captain (D:15)
  An ice dragon (Lair:8)
  5 hydras
  3 merfolk avatars
  A catoblepas (Lair:6)
  3 anacondas
  4 centaur warriors
  6 naga warriors
  2 merfolk aquamancers (Shoals:4)
  A death knight (D:15)
  A tengu warrior (D:14)
  A death yak (Lair:7)
  6 shock serpents
  Urug (D:11)
  5 naga sharpshooters
  2 skeletal warriors (D:15)
  9 sea snakes
  An unseen horror (D:12)
  3 naga ritualists
  4 hill giants
  2 mana vipers
  A necromancer (IceCv)
  A phantasmal warrior (D:15)
  3 griffons
  6 manticores
  7 ugly things
  5 cyclopes
  15 black mambas
  3 salamanders
  6 sirens
  A centaur zombie (D:13)
  19 naga magi
  4 elephants (Lair:8)
  3 ice statues
  2 water nymphs
  10 spiny frogs
  A torpor snail (Lair:7)
  A gargoyle (D:13)
  2 rime drakes
  4 ice devils (IceCv)
  A kobold demonologist (D:11)
  5 komodo dragons
  3 wind drakes
  2 trolls
  11 merfolk
  A harpy zombie (D:15)
  13 polar bears
  4 raiju (Lair:8)
  A boulder beetle (Lair:8)
  A two-headed ogre (D:14)
  16 blink frogs
  3 snapping turtles
  A shadow (D:15)
  A wyvern (D:15)
  35 yaks
  A vampire (D:15)
  2 wraiths
  2 water elementals
  2 basilisks
  8 hippogriffs
  A steam dragon (Lair:8)
  Menkaure (D:4)
  25 nagas
  3 mottled dragons
  5 wargs (Lair:8)
  11 water moccasins
  6 hell hounds (Lair:8)
  2 swamp drakes (Lair:8)
  4 porcupines
  4 sky beasts
  4 orc warriors
  13 black bears (Lair:8)
  2 necrophages
  4 ogres
  2 eyes of draining
  6 ice beasts (Lair:8)
  14 centaurs
  15 wolves
  12 crocodiles
  2 big kobolds (D:10)
  15 giant frogs
  2 wyvern skeletons (D:14)
  2 scorpions
  8 wights (D:11)
  2 electric eels (Lair:4)
  3 howler monkeys
  5 crimson imps
  2 draconian simulacra (IceCv)
  7 jellies
  14 hounds
  4 orc priests
  5 centaur skeletons
  5 orc wizards
  9 iguanas
  A spriggan simulacrum (IceCv)
  2 troll simulacra (IceCv)
  5 worker ants
  11 sheep
  2 centaur simulacra (IceCv)
  A hound skeleton (D:7)
  3 adders
  2 naga simulacra (IceCv)
  An ogre simulacrum (IceCv)
  58 river rats
  3 shadow imps
  5 oozes (D:8)
  An adder zombie (D:9)
  A dart slug (D:4)
  4 giant geckos
  37 orcs
  2 hobgoblins
  8 jackals
  4 kobolds
  A quokka (D:7)
  A ball python (D:4)
  A bat (D:2)
  2 giant newts (D:4)
  A goblin (D:2)
  A jackal skeleton (D:6)
  A jackal zombie (D:7)
  2 fungi
  A plant (Lair:4)
662 creatures vanquished.

Vanquished Creatures (collateral kills)
  A fire dragon (Lair:8)
  A naga warrior (Snake:2)
  A merfolk aquamancer (Shoals:4)
  4 death yaks (Lair:7)
  2 mana vipers (Snake:2)
  2 black mambas (Snake:2)
  An ice devil (IceCv)
  A crocodile (Lair:8)
  4 river rats (Lair:7)
17 creatures vanquished.

Vanquished Creatures (others)
  A merfolk javelineer (Shoals:4)
  A centaur warrior (D:14)
  A naga sharpshooter (Snake:4)
  A cyclops (Shoals:1)
  A black mamba (Snake:4)
  A yaktaur (D:15)
  A crimson imp (D:14)
  A hound (Lair:8)
  4 fungi
  20 plants
32 creatures vanquished.

Grand Total: 711 creatures vanquished

Notes
Turn   | Place    | Note
--------------------------------------------------------------
     0 | D:1      | M4edhros the Vampire Monk began the quest for the Orb.
     0 | D:1      | Reached XP level 1. HP: 17/17 MP: 1/1
   217 | D:3      | Reached XP level 2. HP: 23/23 MP: 2/2
   219 | D:3      | Reached skill level 5 in Unarmed Combat
   239 | D:3      | Reached XP level 3. HP: 20/28 MP: 3/3
   242 | D:3      | Gained mutation: You have large cloven feet. [potion of mutation]
   242 | D:3      | Gained mutation: You possess an exceptional clarity of mind. [potion of mutation]
   242 | D:3      | Gained mutation: You are partially covered in large bone plates (AC +2, SH +2). [potion of mutation]
   249 | D:3      | Gained mutation: Your magical capacity is low (-10% MP). [potion of mutation]
   249 | D:3      | Gained mutation: Your spells are a little harder to cast, but a little more powerful. [potion of mutation]
   292 | D:4      | Noticed Menkaure
   320 | D:4      | Noticed Grinder
   329 | D:4      | Paralysed by Grinder for 4 turns
   340 | D:3      | Found a shattered altar of Ashenzari.
   618 | D:4      | Reached XP level 4. HP: 26/34 MP: 3/3
   662 | D:4      | Noticed a phantom
   685 | D:4      | Killed Menkaure
   685 | D:4      | Reached XP level 5. HP: 12/39 MP: 4/4
   760 | D:4      | Noticed a slave
   761 | D:4      | Noticed Pikel
   762 | D:4      | Noticed a slave
   763 | D:4      | Noticed a slave
   790 | D:5      | Entered Level 5 of the Dungeon
   874 | D:6      | Found a shadowy altar of Dithmenos.
   899 | D:6      | Found a glowing silver altar of Zin.
   899 | D:6      | Found a shimmering altar of Xom.
   899 | D:6      | Found a radiant altar of Vehumet.
   946 | D:6      | Reached XP level 6. HP: 32/46 MP: 5/5
  1046 | D:8      | Noticed a hippogriff
  1048 | D:8      | Noticed an orc warrior
  1104 | D:7      | Found a runed door.
  1104 | D:7      | Noticed a human
  1111 | D:7      | Found a basalt altar of Yredelemnul.
  1179 | D:7      | Reached XP level 7. HP: 32/51 MP: 6/6
  1281 | D:7      | Found a staircase to the Ecumenical Temple.
  1290 | Temple   | Entered the Ecumenical Temple
  1316 | Temple   | Became a worshipper of Cheibriados the Contemplative
  1316 | Temple   | Reached * piety under Cheibriados
  1316 | Temple   | Reached ** piety under Cheibriados
  1574 | D:7      | Reached skill level 10 in Unarmed Combat
  1704 | D:8      | Found Agrolipt's Assorted Antiques.
  1710 | D:8      | Bought a scroll labeled ISIRCH SENUXUNE for 24 gold pieces
  1710 | D:8      | Bought a runed ring mail for 96 gold pieces
  1710 | D:8      | Bought a fizzy brown potion for 21 gold pieces
  1754 | D:8      | Found Lesaykh's Distillery.
  1783 | D:8      | Reached XP level 8. HP: 51/57 MP: 7/7
  1805 | D:8      | Bought a potion of curing for 39 gold pieces
  1824 | D:8      | Reached skill level 1 in Shields
  1860 | D:8      | Noticed Gastronok
  1917 | D:9      | Reached *** piety under Cheibriados
  2032 | D:9      | Reached skill level 5 in Dodging
  2041 | D:9      | Found a shadowy altar of Dithmenos.
  2042 | D:9      | Found a basalt altar of Yredelemnul.
  2043 | D:9      | Found a deep blue altar of Sif Muna.
  2171 | D:10     | Entered Level 10 of the Dungeon
  2246 | D:10     | Reached **** piety under Cheibriados
  2302 | D:11     | Reached XP level 9. HP: 59/62 MP: 8/8
  2359 | D:11     | Noticed a cyclops
  2360 | D:11     | Noticed a hill giant
  2368 | D:11     | Killed a cyclops
  2368 | D:11     | Reached skill level 5 in Shields
  2373 | D:11     | Killed a hill giant
  2425 | D:11     | Noticed Urug
  2425 | D:11     | Noticed a cyclops
  2450 | D:11     | Reached skill level 1 in Invocations
  2451 | D:11     | Killed Urug
  2462 | D:11     | Killed a cyclops
  2462 | D:11     | Reached skill level 5 in Invocations
  2462 | D:11     | Reached XP level 10. HP: 44/68 MP: 4/12
  2728 | D:12     | Identified the Handbook of the Twisted Snowflakes
  2741 | D:12     | Learned a level 3 spell: Ozocubu's Armour
  2802 | D:12     | Noticed an unseen horror
  2817 | D:12     | Killed an unseen horror
  2822 | D:12     | Found a runed door.
  3027 | D:13     | Noticed a gargoyle
  3038 | D:13     | Killed a gargoyle
  3051 | D:13     | Noticed a centaur warrior
  3059 | D:13     | Killed a centaur warrior
  3059 | D:13     | Reached XP level 11. HP: 47/78 MP: 15/15
  3086 | D:13     | Reached skill level 5 in Fighting
  3107 | D:13     | Found Hifudomnue's Antique Armour Emporium.
  3162 | D:13     | Found Amuifyu's Jewellery Shop.
  3163 | D:13     | Noticed a purple ugly thing
  3171 | D:13     | Killed a purple ugly thing
  3171 | D:13     | Reached ***** piety under Cheibriados
  3192 | D:13     | Noticed a white ugly thing
  3222 | D:13     | Killed a white ugly thing
  3281 | D:13     | Found Luzeq's Book Emporium.
  3306 | D:13     | Noticed a vault guard
  3306 | D:13     | Noticed a vault guard
  3307 | D:13     | Noticed a vault guard
  3307 | D:13     | Found a gate to the Vaults.
  3307 | D:13     | Noticed a vault guard
  3307 | D:13     | Noticed a vault guard
  3307 | D:13     | Noticed a vault guard
  3308 | D:13     | Noticed a vault guard
  3309 | D:13     | Noticed a vault guard
  3328 | D:13     | Found a glowing silver altar of Zin.
  3329 | D:13     | Noticed an oklob plant
  3358 | D:13     | Found Ushuem's Weapon Shoppe.
  3358 | D:13     | Noticed a hill giant
  3388 | D:13     | Killed a hill giant
  3718 | D:10     | Found a portal to a secret trove of treasure.
  3811 | D:10     | Identified a -3 rod of inaccuracy (9/9) (You found it on level 10 of the Dungeon)
  3891 | D:10     | Noticed Maud
  3939 | D:9      | Found a staircase to the Lair.
  3957 | Lair:1   | Entered Level 1 of the Lair of Beasts
  4019 | Lair:2   | Reached skill level 10 in Dodging
  4494 | Lair:4   | Reached skill level 1 in Evocations
  4700 | Lair:5   | Reached XP level 12. HP: 92/94 MP: 16/16
  4757 | Lair:5   | Identified a scroll of acquirement
  4862 | Lair:5   | Found a frozen archway.
  4868 | IceCv    | Entered an ice cave
  5238 | IceCv    | Reached skill level 5 in Evocations
  5551 | Lair:6   | Noticed a five-headed hydra
  5575 | Lair:6   | Killed a five-headed hydra
  5593 | Lair:6   | Noticed a catoblepas
  5621 | Lair:6   | Killed a catoblepas
  5704 | Lair:6   | Reached ****** piety under Cheibriados
  5801 | Lair:6   | Found a staircase to the Snake Pit.
  5973 | Lair:7   | Noticed a death yak
  5974 | Lair:7   | Noticed a death yak
  5974 | Lair:7   | Noticed a death yak
  5974 | Lair:7   | Noticed a death yak
  5975 | Lair:7   | Noticed a death yak
  5983 | Lair:7   | Killed a death yak
  5987 | Lair:7   | Killed a death yak
  5988 | Lair:7   | Killed a death yak
  5989 | Lair:7   | Killed a death yak
  5993 | Lair:7   | Killed a death yak
  6060 | Lair:8   | Entered Level 8 of the Lair of Beasts
  6095 | Lair:8   | Noticed a five-headed hydra
  6101 | Lair:8   | Killed a five-headed hydra
  6129 | Lair:8   | Noticed an eight-headed hydra
  6132 | Lair:8   | Got a smelly ring mail
  6143 | Lair:8   | Reached skill level 10 in Evocations
  6158 | Lair:8   | Identified the +0 ring mail of Vinaas {rF+ Regen+ Int+2} (You found it on level 8 of the Lair of Beasts)
  6175 | Lair:8   | Killed an eight-headed hydra
  6175 | Lair:8   | Reached XP level 13. HP: 87/99 MP: 18/18
  6275 | Lair:8   | Noticed a fire dragon
  6300 | Lair:8   | Killed a fire dragon
  6691 | Lair:8   | Reached skill level 1 in Charms
  7283 | Lair:8   | Reached skill level 5 in Charms
  7647 | Lair:4   | Reached XP level 14. HP: 84/106 MP: 21/21
  8294 | D:13     | Bought the Guide on Nocuous Changing for 812 gold pieces
  8301 | D:13     | Learned a level 6 spell: Statue Form
  8431 | D:14     | Reached skill level 1 in Earth Magic
  8439 | D:14     | Reached skill level 1 in Transmutations
  8520 | D:15     | Entered Level 15 of the Dungeon
  8792 | D:14     | Learned a level 2 spell: Cure Poison
  8932 | D:15     | Found a shattered altar of Ashenzari.
  8999 | D:15     | Reached skill level 5 in Transmutations
  9077 | D:15     | Reached skill level 5 in Earth Magic
  9189 | D:15     | Found a staircase to the Depths.
  9536 | Snake:1  | Entered Level 1 of the Snake Pit
  9825 | Snake:3  | Reached XP level 15. HP: 93/113 MP: 20/22
 10563 | Snake:4  | Entered Level 4 of the Snake Pit
 10651 | Snake:3  | Noticed Wiglaf
 11192 | Snake:4  | Noticed a greater naga
 11203 | Snake:4  | Reached skill level 10 in Transmutations
 11244 | Snake:4  | Killed a greater naga
 11598 | Snake:4  | Noticed a greater naga
 11627 | Snake:4  | Killed a greater naga
 11787 | Snake:4  | Noticed a greater naga
 11789 | Snake:4  | Noticed a greater naga
 11814 | Snake:4  | Noticed a greater naga
 11849 | Snake:3  | this is a joke.
 11849 | Snake:3  | just had to waste 3 blink scrolls, caus blinked directly into zot trap
 11849 | Snake:3  | have no rpois and being wrecked by snakes
 11871 | Snake:3  | Noticed a greater naga
 11889 | Snake:3  | Reached skill level 10 in Earth Magic
 11924 | Snake:3  | Killed a greater naga
 12083 | Lair:3   | Found a staircase to the Shoals.
 12161 | Shoals:1 | Entered Level 1 of the Shoals
 12892 | Shoals:2 | Reached XP level 16. HP: 120/120 MP: 22/22
 13108 | Shoals:4 | Entered Level 4 of the Shoals
 13180 | Shoals:4 | Got a barnacled rune of Zot
 13517 | Shoals:4 | Got a slimy leather armour
 13528 | Shoals:4 | Identified the +2 leather armour of Levity {rElec Str+4} (You found it on level 4 of the Shoals)
 13620 | Shoals:4 | HP: 8/180 [poisoned by a sea snake]
 13621 | Shoals:4 | HP: 3/180 [poisoned by a sea snake]
 13622 | Shoals:4 | Succumbed to a sea snake's poison

Vault maps used:
D:1:      saegor_arrival_simple_a
D:2:      nemelex_xobeh_ov_fountains_minmay, makhleb_heckhound_becter
D:3:      ashenzari_conservatory_becter, kennysheep_potato, uniq_iyjb
D:4:      uniq_menkaure, uniq_grinder, uniq_pikel
D:5:      nicolae_overflow_crystal_walls, first_bread, roderic_serpentine_path,
          tso_metal_star, uniq_duvessa
D:6:      gammafunk_temple_overflow_forgotten, nicolae_dithmenos_the_darkroom
D:7:      minmay_temple_entry_glass, dk_yredelemnul_ordeal
D:8:      serial_shops, shop, shop_fountains, shop, shop,
          hangedman_little_slice_of_home, uniq_gastronok
D:9:      minitemple, dpeg_oklobed_lair
D:10:     orc_0_dummy, enter_trove_2, st_stairs_6, uniq_maud
D:11:     uniq_urug
D:12:     lab_entry_generic, lightli_airlock
D:13:     erik_vaults_2, serial_shops, shop, kennysheep_little_box,
          kennysheep_mini, shop, lemuel_oklob_altar
D:14:     uniq_agnes
D:15:     grunt_enter_depths_snipers, nicolae_ashenzari_panopticon
Temple:   triangle_lava_temple_11
Lair:1:   uniq_sonja, uniq_joseph
Lair:2:   columned_hall_lemuel, cheibrodos_lair_reptile_den, grunt_megastairs_3,
          lemuel_fruit_tree
Lair:3:   elwin_shoals_entry_rooms
Lair:4:   wad_woods_road_05, infiniplex_staircase_pool, serial_bayou_shore_a
Lair:5:   portal_ice_cave_entry_pillars_03, grunt_megastairs_4
Lair:6:   dummy_snake_entry, bh_chokoban, serial_bayou_shore_b
Lair:8:   guppyfry_lair_end_dragon, hangedman_lair_caniforms_friends,
          dpeg_slime_entry_corner, ice2_lemuel, lemuel_fruit_fields
Shoals:4: shoals_end_simple, shoals_ilsuiw_alternative, uniq_aizul
Snake:1:  special_room
Snake:3:  uniq_wiglaf
Snake:4:  snake_pit, serial_bayou_ford_a
IceCv:    ice_cave_tombish

Skill      XL: |  1  2  3  4  5  6  7  8  9 10 11 12 13 14 15 16 |
---------------+-------------------------------------------------+-----
Unarmed Combat | 5 6 7 8 9 11 12 | 12.6
Shields        | 4 5 6 |  6.7
Dodging        | 6 8 10 | 10.3
Invocations    | 5 8 |  8.6
Fighting       | 4 8 9 |  9.1
Evocations     | 2 10 12 | 12.7
Charms         | 5 |  5.0
Earth Magic    | 7 10 11 | 11.6
Transmutations | 7 11 12 | 12.5
Stealth        | |  3.0

Action                   |  1- 3 |  4- 6 |  7- 9 | 10-12 | 13-15 | 16-18 || total
-------------------------+-------+-------+-------+-------+-------+-------++-------
Melee: Unarmed           |    73 |   100 |   245 |   804 |  1663 |   195 ||  3080
       Bite              |    10 |    13 |    50 |   206 |   401 |    52 ||   732
       Kick              |    15 |    32 |   113 |   455 |       |       ||   615
       Punch             |       |       |       |       |       |     1 ||     1
Throw: Javelin           |       |       |       |       |     8 |     8 ||    16
       Tomahawk          |       |       |       |       |     7 |     5 ||    12
 Cast: Cure Poison       |       |       |       |       |     5 |       ||     5
Invok: Slouch            |       |       |     1 |     5 |    23 |     2 ||    31
       Temporal Distorti |       |       |       |     4 |    16 |     2 ||    22
Evoke: Wand              |       |       |     2 |     8 |    29 |    12 ||    51
       Rod               |       |       |       |    15 |    36 |     4 ||    55
       Box of beasts     |       |       |       |     4 |     3 |     1 ||     8
       Stone of tremors  |       |       |       |       |     1 |       ||     1
  Use: Potion            |    12 |     4 |     6 |    23 |    53 |     5 ||   103
       Scroll            |     2 |     4 |     1 |    19 |    17 |     4 ||    47
 Stab: Sleeping          |     2 |     3 |     5 |    18 |     8 |     2 ||    38
       Confused          |       |       |       |     2 |     4 |     2 ||     8
       Distracted        |       |       |       |     1 |       |       ||     1
Armor: Robe              |    16 |     7 |     7 |       |       |       ||    30
       Ring mail         |       |       |    26 |    72 |   169 |    22 ||   289
       Skin              |       |       |     3 |       |     5 |       ||     8
       Scale mail        |       |       |       |    37 |       |       ||    37
       Fire dragon hide  |       |       |       |       |     1 |       ||     1
       Leather armour    |       |       |       |       |       |     3 ||     3
Dodge: Dodged            |    43 |    40 |    90 |   536 |   973 |    78 ||  1760
Block: Buckler           |    20 |    14 |    71 |   315 |   965 |       ||  1385
       Reflection        |       |       |       |       |   101 |     7 ||   108
       Large shield      |       |       |       |       |   482 |   242 ||   724
